 Dungeon Crawl Stone Soup version 0.18-a0-1726-g399342b (console) character file.

1600 sorlin the Carver (level 9, 0/64 HPs)
             Began as a Formicid Fighter on Apr 5, 2016.
             Slain by a killer bee (3 damage)
             ... on level 9 of the Dungeon.
             The game lasted 00:16:46 (5235 turns).

sorlin the Carver (Formicid Fighter)                Turns: 5235, Time: 00:16:46

Health: 0/64       AC: 10    Str: 26    XL:     9   Next: 15%
Magic:  9/9        EV:  9    Int:  8    God:
Gold:   373        SH: 12    Dex: 13    Spells: 1 memorised, 5 levels left

rFire  . . .     SeeInvis +     a - +1 long sword
rCold  + . .     Gourm    .     b - +0 scale mail
rNeg   . . .     Faith    .     c - +0 shield
rPois  .         Spirit   .     (helmet unavailable)
rElec  .         Dismiss  .     C - +0 cloak
rCorr  .         Reflect  .     e - +0 pair of gloves {archery}
SustAt .         Harm     .     p - +0 pair of boots
MR     .....                    h - amulet of regeneration
Stlth  ..........               (no ring)
                                D - ring of protection from cold

@: mighty, lethally poisoned (0 -> -7), not resistant to hostile enchantments,
extremely unstealthy
A: permanent stasis, dig shafts and tunnels, four strong arms, antennae 3
a: Dig, Shaft Self


You were on level 9 of the Dungeon.
You were very hungry.

You visited 1 branch of the dungeon, and saw 7 of its levels.

You collected 373 gold pieces.


Innate Abilities, Weirdness & Mutations

You are under a permanent stasis effect.
You can dig through walls and to a lower floor.
Your four strong arms can wield two-handed weapons with a shield.
You have a pair of large antennae on your head (SInv).


   Skills:
 - Level 3.2 Fighting
 * Level 9.2 Long Blades
 - Level 3.2 Armour
 + Level 8.3 Shields


You had 5 spell levels left.
You knew the following spells:

 Your Spells              Type           Power        Failure   Level  Hunger
z - Regeneration          Chrm/Necr      #.........   100%        3    ####...

Inventory:

Hand Weapons
 a - a +1 long sword (weapon)
 B - a +2 long sword of draining
   (You found it on level 5 of the Dungeon)
 E - a +1 falchion of slicing
   (You found it on level 5 of the Dungeon)
Missiles
 l - 5 tomahawks (quivered)
 u - 12 sling bullets of flame
 x - 5 needles of confusion
 F - 14 steel sling bullets
Armour
 b - a +0 scale mail (worn)
 c - a +0 shield (worn)
 e - a +0 pair of gloves of archery (worn)
   (You found it on level 1 of the Dungeon)
 p - a +0 pair of boots (worn)
 C - a +0 cloak (worn)
Jewellery
 h - an amulet of regeneration (around neck)
 m - an uncursed ring of fire
 D - a ring of protection from cold (left hand)
Wands
 o - a wand of lightning (3/15)
Scrolls
 q - a scroll of blinking {unknown}
 y - a scroll of magic mapping {!r}
 z - a scroll of recharging {unknown}
 A - a scroll of noise {unknown}
 G - a scroll of remove curse
Potions
 d - a potion of might {!q}
 g - 3 potions of curing
 i - a potion of haste {!q}
 k - a potion of cure mutation {!q}
 n - 2 potions of heal wounds {!q}
 r - 2 potions of mutation {unknown}
 s - a potion of agility {unknown}
 t - a potion of brilliance {unknown}
 w - a potion of flight {unknown}
 H - a potion of ambrosia {unknown}
Books
 v - a book of Necromancy

   Spells                             Type                      Level
   a - Pain                           Necromancy                   1
   b - Animate Skeleton               Necromancy                   1
   c - Vampiric Draining              Necromancy                   3
   d - Regeneration                   Charms/Necromancy            3
   e - Animate Dead                   Necromancy                   4
   f - Control Undead                 Necromancy                   4
Comestibles
 f - 3 bread rations {!e}
 j - 5 meat rations {!e}


Message History

You take 4 damage.
You slash the killer bee!
You kill the killer bee!
Your Long Blades skill increases to level 9!
You feel sick. The killer bee closely misses you.
You take 1 damage.
Long Blades reached 9.
Currently training: Long Blades(9), Shields(8.2).
Choose a target skill level: You miss the killer bee.
You feel sick. The killer bee completely misses you. The killer bee stings you.
* * * LOW HITPOINT WARNING * * *
You take 3 damage.
You slash the killer bee!
The killer bee is heavily wounded.
You feel sick. You block the killer bee's attack.
The killer bee barely misses you.
You miss the killer bee.
The killer bee is heavily wounded.
You feel sick. You block the killer bee's attack. x2
You take 1 damage.
You closely miss the killer bee.
The killer bee is heavily wounded.
You feel sick.
The killer bee stings you but does no damage.
The killer bee barely misses you.
You slash the killer bee!
You kill the killer bee!
You feel sick. The killer bee stings you.
* * * LOW HITPOINT WARNING * * *
You are more poisoned.
The killer bee poisons you!
You take 5 damage.
You slash the killer bee!
The killer bee is severely wounded.
You feel sick. The killer bee barely misses you.
The killer bee closely misses you.
You closely miss the killer bee.
The killer bee is severely wounded.
You feel sick. You block the killer bee's attack. x2
You take 2 damage.
You slash the killer bee!
You kill the killer bee!
You feel sick. The killer bee stings you.
* * * LOW HITPOINT WARNING * * *
You are more poisoned.
The killer bee poisons you!
You take 6 damage.
You miss the killer bee.
* * * LOW HITPOINT WARNING * * *
You feel sick. The killer bee barely misses you. The killer bee stings you.
You die...

######+##.#
#.........
#........#
#........+
#..<.....#
#........#
+........#
#.:......#
#........#
#.......y##
####+.###@#
#..# ###
#... #.#.
.. .. ...
.. ...


You could see a killer bee.

Vanquished Creatures
  The ghost of Amaryllis the Changer, an amateur NaTm (D:4)
  A water moccasin (D:5)
  A sky beast (D:5)
  An ice beast (D:5)
  2 ogres
  The ghost of sorlin the Sneak, an amateur VSEn (D:3)
  A scorpion (D:4)
  5 killer bees (D:9)
  A vampire bat (D:6)
  A howler monkey (D:5)
  A quasit (D:5)
  A giant frog skeleton (D:5)
  An orc priest (D:5)
  A hound (D:3)
  Crazy Yiuf (D:5)
  Natasha (thrice) (D:2)
  An iguana (D:5)
  An orc wizard (D:5)
  4 worker ants
  5 adders
  A gnoll (D:5)
  An ooze (D:2)
  2 adder skeletons (D:5)
  An adder zombie (D:5)
  2 worms (D:2)
  2 dart slugs (D:1)
  A giant gecko (D:1)
  16 orcs
  7 bats
  3 bat skeletons (D:6)
  3 bat zombies (D:6)
  4 giant cockroaches
  15 goblins
  13 hobgoblins
  7 jackals (D:2)
  3 quokkas
  5 giant newts
  15 kobolds
  A quokka skeleton (D:4)
  7 rats
143 creatures vanquished.

Notes
Turn   | Place    | Note
--------------------------------------------------------------
     0 | D:1      | sorlin the Formicid Fighter began the quest for the Orb.
     0 | D:1      | Reached XP level 1. HP: 18/18 MP: 1/1
   128 | D:1      | Reached XP level 2. HP: 24/24 MP: 2/2
   564 | D:1      | Reached skill level 3 in Long Blades
   586 | D:1      | Reached skill level 4 in Shields
   586 | D:1      | Reached XP level 3. HP: 27/29 MP: 3/3
   831 | D:2      | Noticed Natasha
   847 | D:2      | Killed Natasha
   847 | D:2      | Reached XP level 4. HP: 28/35 MP: 4/4
  1126 | D:2      | Noticed Natasha
  1132 | D:2      | Killed Natasha
  1132 | D:2      | Reached skill level 4 in Long Blades
  1132 | D:2      | Reached XP level 5. HP: 41/41 MP: 5/5
  1316 | D:2      | Noticed Natasha
  1323 | D:2      | Killed Natasha
  1566 | D:3      | Reached skill level 5 in Shields
  1676 | D:3      | Found a radiant altar of Vehumet.
  1677 | D:3      | Noticed an ogre
  1688 | D:3      | Killed an ogre
  1688 | D:3      | Reached skill level 5 in Long Blades
  1688 | D:3      | Reached XP level 6. HP: 28/47 MP: 6/6
  1771 | D:3      | Noticed sorlin's ghost (amateur VSEn)
  1799 | D:3      | Killed sorlin's ghost
  2139 | D:3      | Reached XP level 7. HP: 49/52 MP: 7/7
  2452 | D:4      | Noticed Amaryllis's ghost (amateur NaTm)
  2479 | D:4      | Killed Amaryllis's ghost
  2479 | D:4      | Reached skill level 6 in Long Blades
  2479 | D:4      | Reached skill level 6 in Shields
  3529 | D:4      | Reached skill level 7 in Long Blades
  3529 | D:4      | Reached XP level 8. HP: 41/58 MP: 8/8
  3622 | D:5      | Entered Level 5 of the Dungeon
  3701 | D:5      | Found an oddly glowing altar of Pakellas.
  3822 | D:5      | Learned a level 3 spell: Regeneration
  4013 | D:5      | Reached skill level 7 in Shields
  4150 | D:5      | Reached skill level 8 in Long Blades
  4215 | D:5      | Noticed Crazy Yiuf
  4220 | D:5      | Killed Crazy Yiuf
  4236 | D:5      | Got a shimmering mace
  4868 | D:5      | Found a basalt altar of Yredelemnul.
  4948 | D:5      | Found a white marble altar of Elyvilon.
  5081 | D:6      | Found an ancient bone altar of Kikubaaqudgha.
  5192 | D:6      | Found a staircase to the Ecumenical Temple.
  5196 | D:6      | You fall through a shaft for 3 floors!
  5214 | D:9      | Reached skill level 8 in Shields
  5214 | D:9      | Reached XP level 9. HP: 39/64 MP: 9/9
  5226 | D:9      | Reached skill level 9 in Long Blades
  5227 | D:9      | HP: 19/64 [poisoned by a killer bee]
  5232 | D:9      | HP: 11/64 [poisoned by a killer bee]
  5234 | D:9      | HP: 3/64 [killer bee (6)]
  5235 | D:9      | Slain by a killer bee

Vault maps used:
D:1:      minmay_arrival_five_plusses
D:2:      uniq_natasha
D:3:      vehumet_crystals, kennysheep_small_spiral
D:4:      first_bread
D:5:      corexii_shantytown, kennysheep_ying_yang, serial_bayou_pond_d,
          grunt_pakellas_mercury, uniq_crazy_yiuf_cottage
D:6:      kennysheep_vampire_church, sword_in_stone
D:9:      nicolae_overflow_crystal_walls, david_orc_5, uniq_erolcha

Action                   |  1- 3 |  4- 6 |  7- 9 || total
-------------------------+-------+-------+-------++-------
Melee: Long sword        |    67 |   160 |   316 ||   543
Throw: Tomahawk          |       |    17 |     8 ||    25
 Abil: Dig               |       |     1 |     9 ||    10
Evoke: Wand              |       |     1 |       ||     1
  Use: Scroll            |       |     5 |     7 ||    12
       Potion            |       |       |     1 ||     1
  Eat: Chunk             |       |     4 |     7 ||    11
       Beef jerky        |       |       |     2 ||     2
